Unix NetHack Version 5.0.0-0 post-release - last build Jun 10 2026 00:39:30 (3ee93aec679c4c4259841fe613dc97188e26a321,branch:main).

Game began 2026-06-19 23:44:15, ended 2026-06-20 00:00:24.

DaveT, lawful male human Priest

  ---------
  |.......|                           -------------
  |.....[.|                          #............|
  |......{|                          #|........<..-
  |........################`###      #|........^..|
  -----.-+-                #         #---------.---
       # #            -----|-----   ##         ##
       ###            |....%....|   #           #
       #              +.........|####           ##
      ##              |......{..|#               #
      #            # #..........|#               ##
      #            ###|..........#                '
     -.-------#### #  -----------                 @
     |.......|######                              %
     |........##                                 -%-
     |...>...|##                                ..\.
     |........                                .(...|
     ---------                               -------

DaveT the Adept              St:12 Dx:13 Co:15 In:10 Wi:15 Ch:11  Lawful
Dlvl:7  $:7  HP:0(47) Pw:68(68) AC:0  Xp:6 T:3487  Burdened

Latest messages:
 You kill the bugbear!
 You see here a bugbear corpse.
 There is a bugbear corpse here; eat it? [ynq] (n) y
 This bugbear corpse is fatty.
 You stop eating the bugbear corpse.
 The hobgoblin hits!
 You kill the hobgoblin!
 The bugbear picks up an orcish helm.
 You hit the bugbear!
 The bugbear hits!
 You hit the bugbear.
 The bugbear hits!
 You kill the bugbear!
 There is a bugbear corpse here; eat it? [ynq] (n) y
 This bugbear corpse is stringy.
 You stop eating the bugbear corpse.
 You hit the bugbear.
 You miss the bugbear.
 The bugbear hits!
 You hit the bugbear.
 The bugbear hits!
 You hit the bugbear.
 The bugbear hits!
 You miss the bugbear.
 You miss the bugbear.
 You hit the bugbear.
 The bugbear hits!
 You miss the bugbear.
 The bugbear hits!
 You miss the bugbear.
 The bugbear hits!
 You miss the bugbear.
 You kill the bugbear!
 You see here a partly eaten bugbear corpse.
 There is a partly eaten bugbear corpse here; eat it? [ynq] (n) y
 This bugbear corpse tastes terrible!
 You stop eating the bugbear corpse.
 The paper golem hits!
 What do you want to zap? [IKR or ?*] R
 Nothing happens.
 The paper golem misses!
 You miss the paper golem.
 The paper golem hits!
 You miss the paper golem.
 The paper golem hits!
 You hit the paper golem!
 The paper golem hits!
 You die...
 Do you want your possessions identified? [ynq] (y) y
 Do you want to see your attributes? [ynq] (y) q

Inventory:
 Coins    ('$')
  $ - 7 gold pieces
 Weapons  (')')
  u - 5 +0 darts (at the ready)
  p - 3 +0 orcish daggers
  a - a blessed +1 mace (weapon in right hand)
 Armor    ('[')
  o - a +0 orcish helm (being worn)
  c - a +0 small shield (being worn)
  b - a +0 robe (being worn)
  x - a rustproof +0 splint mail (being worn)
 Comestibles  ('%')
  f - 2 sprigs of wolfsbane
 Scrolls  ('?')
  B - a scroll of teleportation
 Potions  ('!')
  L - a blessed potion of healing
 Wands    ('/')
  I - a wand of polymorph (0:7)
  K - a wand of probing (0:4)
  R - a wand of striking (0:0)
 Tools    ('(')
  G - a bag of holding containing 12 items

Contents of the bag of holding:
  312 gold pieces
  a slime mold
  a food ration
  4 lichen corpses
  a scroll of blank paper
  a scroll of confuse monster
  a scroll of fire
  2 scrolls of identify
  a blessed spellbook of cure sickness
  a spellbook of drain life
  5 potions of healing
  3 potions of holy water

DaveT the Priest's attributes:

Background:
 You were an Adept, a level 6 human Priest.
 You were lawful, on a mission for Amaterasu Omikami
 who was opposed by Raijin (neutral) and Susanowo (chaotic).
 You were right-handed.
 You were in the Dungeons of Doom, on level 7.
 You entered the dungeon 3487 turns ago.
 It was the midnight hour.
 You had 389 experience points, 251 more were needed to attain level 7.

Basics:
 You had 0 out of 47 hit points.
 You had all 68 energy points (spell power).
 Your armor class was 0.
 Your wallet contained 7 zorkmids, and
 you had 312 more stashed away in your pack.
 Autopickup was off.

Final Characteristics:
 Your strength was 12 (limit:18/100).
 Your dexterity was 13 (limit:18).
 Your constitution was 15 (limit:18).
 Your intelligence was 10 (limit:18).
 Your wisdom was 15 (limit:18).
 Your charisma was 11 (limit:18).

Final Status:
 You weren't hungry.
 You were burdened; movement was slightly slowed.
 You were wielding a mace.
 You had basic skill with mace and could have enhanced that.

Final Attributes:
 You were piously aligned.
 You were telepathic.
 You were guarded.
 Your spell casting was impaired by metallic armor, mitigated by your robe.
 You were fast.
 You are dead.

Miscellaneous:
 You didn't encounter any bones levels.
 Total elapsed playing time was 16 minutes and 8 seconds.

Major events:
 Turn
    1: DaveT the lawful human Priest entered the dungeon
  971: attained the rank of Acolyte (level 3)
 1866: entered the Gnomish Mines
 3414: attained the rank of Adept (level 6)
 3487: killed by a paper golem

Spells:
 Name                 Level Category     Fail Retention
 detect monsters        1   divination    74%  76%-100%
 light                  1   clerical      74%   81%-90%
 invisibility           4   escape       100%  76%-100%
 drain life             2   attack       100%  76%-100%
 cure sickness          3   healing      100%  76%-100%

Skills:
 Fighting Skills
   bare handed combat [Unskilled]
 Weapon Skills
   club               [Unskilled]
   mace               [Basic]
   morning star       [Unskilled]
   flail              [Unskilled]
   hammer             [Unskilled]
   quarterstaff       [Unskilled]
   polearms           [Unskilled]
   spear              [Unskilled]
   trident            [Unskilled]
   lance              [Unskilled]
   bow                [Unskilled]
   sling              [Unskilled]
   crossbow           [Unskilled]
   dart               [Unskilled]
   shuriken           [Unskilled]
   boomerang          [Unskilled]
   unicorn horn       [Unskilled]
 Spellcasting Skills
   healing spells     [Unskilled]
   divination spells  [Unskilled]
   clerical spells    [Basic]

Voluntary challenges:
 Character rerolling was not enabled.
 You never genocided any monsters.
 You never polymorphed an object.
 You never changed form.
 You used no wishes.
Achievements:
 You entered a shop.
 You attained the rank of Acolyte.
 You entered the Gnomish Mines.
 You attained the rank of Adept.

 The Dungeons of Doom: levels 1 to 8
    Level 1:
    Level 2:
       A general store, some fountains.
    Level 3:
       An armor shop.
    Level 4:
       Stairs down to The Gnomish Mines.
    Level 5:
       Some fountains, a sink.
    Level 6:
       A fountain, a sink.
    Level 7: <- You were here.
       A throne, some fountains.
       Final resting place for
          you, killed by a paper golem.
    Level 8:
 The Gnomish Mines:
    Level 5:


Vanquished creatures:
  5 bugbears
  a rock mole
  a pony
  a shrieker
  a gnome leader
 an elf zombie
  a ghoul
  a paper golem
  a giant ant
  2 floating eyes
  a kitten
  a homunculus
  a rabid rat
  a giant bat
 an orc zombie
  4 iguanas
  a coyote
  a large kobold
  a hobgoblin
  4 giant rats
  2 cave spiders
  a red mold
  2 gnomes
  5 garter snakes
  2 geckos
  5 jackals
  2 foxes
  5 goblins
  6 grid bugs
  a bat
  6 lichens
  3 newts
71 creatures vanquished.

No species were genocided or became extinct.

Game over:
                       ----------
                      /          \
                     /    REST    \
                    /      IN      \
                   /     PEACE      \
                  /                  \
                  |      DaveT       |
                  |      319 Au      |
                  |   killed by a    |
                  |   paper golem    |
                  |                  |
                  |                  |
                  |       2026       |
                 *|     *  *  *      | *
        _________)/\\_//(\/(/\)/\//\/|_)_______

Goodbye DaveT the Priest...

You died in The Dungeons of Doom on dungeon level 7 with 2244 points,
and 319 pieces of gold, after 3487 moves.
You were level 6 with a maximum of 47 hit points when you died.

